muck, neutral male gnomish Wizard -------- ------------ -------- |......| #...........|####-...<..| #.......+###########|..........|# |......-# --------- ###|.{....| ###|..........|####.......|# |.......| # #..`....-###########|..........|# |......|# |.......| ### #-|------ ##|.....)....|# -----+--# |.......-######q@##### ##--.-------.-# ## # |.......| ##` # # ######### ##### # # -+------- # ### ### # ## ##################` # ### ### # # # #### # # ---.- # # ### ### # ## # # |...| ### ### # # # ##### ---.- # |...| ----.-# ### ------.--------# -----# |...| ###|...| |.....# # |.............|########....-####|...| #....| |....|### |.............|# |...| #-...| |...| |>....# |.............|# |...| |...| ----- ------ |..............# |...| |...| |.............|# |...| |...| ---------------# ----- ----- muck the Conjurer Experience level: 4 Strength: 12 Dexterity: 15 Constitution: 17 Intelligence: 18 Wisdom: 8 Charisma: 7 Health: 0(28) Energy: 2(28) Def: 4 Gold: 722 Moves: 1994 Dungeon seed: TFgGF57XxQIudt8K Game ID: muck_1515551050 Your Inventory: Coins $ - 722 gold pieces Weapons a - a blessed +1 quarterstaff j - 11 uncursed +0 darts l - an uncursed -2 mace (weapon in hand) Armor e - an uncursed +0 cloak of magic resistance (being worn) n - a cursed -1 dwarvish roundshield (being worn) r - an uncursed +0 orcish helm (being worn) Comestibles p - an uncursed tripe ration Scrolls o - an uncursed scroll of genocide s - an uncursed scroll of teleportation Spellbooks k - an uncursed spellbook of cure sickness Wands b - an uncursed wand of striking (0:5) Tools h - an uncursed blindfold Gems q - an uncursed worthless piece of green glass y - an uncursed worthless piece of yellow glass Spells and supernatural/magical abilities: Spells marked with '*' are forgotten. Spells marked with '!' are maintained. Spells marked with '#' are aliased with 'castalias'. Name Level Category Fail Memory a - force bolt 1 attack 85% 98% h - healing 1 healing 85% 98% m - magic missile 2 attack 42% 98% w - wizard lock 2 matter 100% 98% W - pray for help -- divine ? -- Your skills at the end: Fighting Skills wands [Basic] Weapon Skills quarterstaff [Basic] Spellcasting Skills attack spells [Basic] enchantment spells [Basic] Final Attributes: You were magic resistant. You had infravision. You last prayed 210 turns ago. You are dead. Vanquished creatures: a housecat a floating eye a werejackal 3 iguanas 3 coyotes a gas spore a hobbit a giant rat a brown mold a green mold 3 garter snakes a gecko 6 jackals a fox 2 kobolds 3 goblins 2 sewer rats 7 grid bugs 6 lichens a kobold zombie 3 newts 49 creatures vanquished. Voluntary challenges: You used a wielded weapon 35 times, starting on turn 120. You read items or engraved 10 times, starting on turn 410. You never genocided any monsters. You never polymorphed an object. You never changed form. You used no wishes. You never split a pudding. You never wrote Elbereth's name. You violated your moral code, losing 30 points of alignment, starting on turn 1992. Dungeon overview: The Dungeons of Doom: levels 1 to 4 Level 1 a long staircase Level 2 a vault a long staircase Level 3 a fountain Level 4 <- You were here a fountain, a vault History has recorded: On T:1 you entered the Dungeons of Doom to retrieve the Amulet of Yendor! On T:209 you advanced to experience level 2. On T:419 you reached level 2 of The Dungeons of Doom. On T:613 you advanced to experience level 3. On T:766 you reached level 3 of The Dungeons of Doom. On T:1249 you advanced to experience level 4. On T:1378 you reached level 4 of The Dungeons of Doom. Score breakdown: Gold: 722 ( 9725 points) Experience: 4 levels ( 9649 points) Exploration: 4 levels ( 7.84%) ( 7348 points) Discoveries: 5 items ( 1.68%) ( 3892 points) Valuables value: (no points given unless you survive) Artifact value: 0 ( 0 points) Variety of kills: 21 monsters ( 5.53%) ( 7052 points) Turncount: 1994 turns ( 0 points) Survival: died (score multiplied by 80%) Total score: 30132 Latest messages: The rothe bites! (2x) The magic missile hits the rothe! Your conscience bothers you... It hisses! The magic missile hits it. Your conscience bothers you... You fail to cast the spell correctly. The rothe hits! The rothe bites! The rothe misses. The magic missile hits the rothe! The rothe hits! The rothe misses. The rothe bites! You die... Final status: Goodbye muck the Wizard, killed by a rothe... You died in The Dungeons of Doom on dungeon level 4 with 30132 points, and 722 pieces of gold, after 1994 moves. You were level 4 with a maximum of 28 hit points when you died.